 Dungeon Crawl Stone Soup version 0.21-a0-142-gdd972a7 (webtiles) character file.

40921 Deemzul the Unseen (level 14, 0/97 HPs)
             Began as an Octopode Monk on July 22, 2017.
             Was the Champion of Dithmenos.
             Slain by a sixfirhy (4 damage)
             ... summoned by an orc sorcerer
             ... while paralysed by an orc sorcerer
             ... on level 2 of the Orcish Mines.
             The game lasted 00:54:57 (25867 turns).

Deemzul the Unseen (Octopode Monk)                 Turns: 25867, Time: 00:54:58

Health: 0/97       AC:  1    Str:  9 (11) XL:     14   Next: 13%
Magic:  29/29      EV:  2    Int:  7 (10) God:    Dithmenos [******]
Gold:   516        SH:  0    Dex: 23 (26) Spells: 15/16 levels left

rFire    . . .     SeeInvis +     - Unarmed
rCold    + + .     Gourm    +   (no shield)
rNeg     . . .     Faith    .   (helmet restricted)
rPois    .         Spirit   .   G - amulet of the gourmand
rElec    .         Reflect  .   Y - +3 ring of evasion
rCorr    +         Harm     .   r - +5 ring of evasion
MR       +....                  x - ring of see invisible
Stlth    ++++++++++             L - ring of Shadows {Umbra +Inv Stlth+}
HPRegen  0.26/turn              C - ring of stealth
MPRegen  0.21/turn              D - ring of stealth
                                t - ring of magical power
                                u - ring of resist corrosion

@: paralysed, agile, berserk cooldown, slightly contaminated, wreathed by umbra
A: almost no armour, stealthy swim, amphibious, 8 rings, constrict 8, camouflage
1, agile 1, cold resistance 2, dopey 1, wild magic 1, gelatinous body 1
a: Shadow Step, Shadow Form, Renounce Religion, Evoke Invisibility


You were on level 2 of the Orcish Mines.
You worshipped Dithmenos.
Dithmenos was exalted by your worship.
You were very full.

You visited 4 branches of the dungeon, and saw 19 of its levels.
You also visited: Labyrinth and Volcano.

You collected 1566 gold pieces.
You spent 1050 gold pieces at shops.

Inventory:

Armour
 g - a +0 shield
 P - a +0 large shield of positive energy
Jewellery
 c - an uncursed ring of protection from fire
 r - a +5 ring of evasion (right tentacle)
 t - a ring of magical power (on tentacle)
 u - a ring of resist corrosion (on tentacle)
 x - a ring of see invisible (on tentacle)
 C - a ring of stealth (on tentacle)
 D - a ring of stealth (on tentacle)
 G - an amulet of the gourmand (around mantle)
 L - the ring of Shadows (on tentacle) {Umbra +Inv Stlth+}
   (You bought it in a shop on level 5 of the Dungeon)

   [ring of stealth]

   It lets you turn invisible.
   It makes you more stealthy.
 Y - a +3 ring of evasion (left tentacle)
Wands
 e - a wand of disintegration (0/24)
 i - a wand of disintegration (13/24)
 m - a wand of lightning (4/15)
 w - a wand of digging (16/24)
 A - a wand of enslavement (8/24)
 H - a wand of disintegration (2/24)
 I - a wand of disintegration (12/24)
 J - a wand of digging (11/24)
 K - a wand of iceblast (5/15)
 M - a wand of confusion (3/48)
 X - a wand of acid (13/15)
Scrolls
 b - 5 scrolls of enchant weapon
 d - a scroll of recharging
 f - 3 scrolls of enchant armour
 h - 8 scrolls of identify
 j - 3 scrolls of blinking
 l - 3 scrolls of amnesia
 n - a scroll of teleportation
 v - 11 scrolls of remove curse
 y - a scroll of fog
 z - a scroll of magic mapping
Potions
 o - 3 potions of invisibility
 p - 3 potions of curing
 q - 3 potions of mutation
 B - 2 potions of magic
 E - 2 potions of might
 F - 2 potions of brilliance
 Q - a potion of flight
 R - 2 potions of heal wounds
 T - a potion of haste
 U - a potion of berserk rage
 V - a potion of resistance
 W - a potion of agility
Comestibles
 a - 16 bread rations
 k - 8 meat rations
 s - 16 royal jellies


   Skills:
 + Level 9.4 Fighting
 + Level 9.6 Dodging
 * Level 17.0 Stealth
 + Level 2.6 Shields
 * Level 12.8 Unarmed Combat
 + Level 1.8 Spellcasting
 + Level 2.9 Transmutations
 + Level 5.9 Invocations
 * Level 8.1 Evocations


You had 15 spell levels left.
You knew the following spells:

 Your Spells              Type           Power        Failure   Level  Hunger
a - Beastly Appendage     Tmut           #.....       17%         1    ##.....


Dungeon Overview and Level Annotations

Branches:
Dungeon (13/15)            Temple (1/1) D:7            Lair (3/6) D:10
    Orc (2/2) D:9             Elf (0/3) Orc:2
  Swamp: Lair:2-4    Shoals: Lair:2-4     Snake: Lair:2-4    Spider: Lair:2-4
 Vaults: D:13-14

Altars:
Ashenzari
Cheibriados
Dithmenos
Fedhas
Gozag
Hepliaklqana
Kikubaaqudgha
Makhleb
Nemelex Xobeh
Okawaru
Qazlal
Ru
Trog
Uskayaw
Vehumet
Wu Jian
Xom
Yredelemnul
Zin

Shops:
D:5 =   D:9 }   Orc:2 ?*

Annotations:
Lair:3 1 exclusion
Orc:1 Erolcha, Snorg


Innate Abilities, Weirdness & Mutations

You cannot wear most types of armour.
You are very stealthy in the water. (Stealth+)
You are amphibious.
You can wear up to eight rings at the same time.
You can use your tentacles to constrict eight enemies at once.
Your skin changes colour to match your surroundings (Stealth+).
Your rubbery body absorbs attacks. (AC +1, EV +1)
You are agile. (Dex +2)
Your flesh is very cold resistant. (rC++)
You are dopey. (Int -2)
Your spells are a little harder to cast, but a little more powerful.


Message History

You flicker back into view.
You constrict the orc sorcerer, but do no damage.
You tentacle-slap the orc sorcerer but do no damage.
You tentacle-slap the orc sorcerer. You squeeze the orc sorcerer.
The orc sorcerer is lightly wounded.
Your shadow completely misses the orc sorcerer.
You constrict the orc sorcerer, but do no damage.
The orc sorcerer gestures at you while chanting.
You suddenly lose the ability to move!
You lose your grip on the orc sorcerer.
The sixfirhy hits you but does no damage.
The sixfirhy hits you! The sixfirhy shocks you! The sixfirhy hits you!
The sixfirhy shocks you!
* * * LOW HITPOINT WARNING * * *
The orc sorcerer casts a spell.
The sixfirhy hits you.
* * * LOW HITPOINT WARNING * * *
The sixfirhy shocks you!
* * * LOW HITPOINT WARNING * * *
The sixfirhy hits you.
You die...

..4#
##...#....##
#.#
##4...#...##
.o
##.....#.∩##
.
##..#.....#
##))...#.∩#
##....#.(.#
##...#([4.##
#.)).÷o3(##
#...###@)##
#...###..##
#...###..##
#.#.###(.##
...###.)##
.###..##
##.)##
##.[##
#..[##


You could see an ice devil, a sixfirhy and an orc sorcerer.

Vanquished Creatures
  A red draconian (Volcano)
  A minotaur (Lab)
  Josephine (D:10)
  Fannar (D:9)
  A hydra (Lair:2)
  Erica (Orc:1)
  2 orc high priests (Orc:1)
  6 two-headed ogres
  An ogre mage (Volcano)
  4 unseen horrors
  A lindwurm (Lair:2)
  2 orc knights (Orc:2)
  A deep elf mage (D:12)
  3 ugly things
  A cyclops (D:12)
  A centaur zombie (D:12)
  2 gargoyles (D:12)
  A rust devil (Orc:2)
  A spiny frog (Lair:1)
  4 komodo dragons
  A kobold demonologist (D:13)
  2 rime drakes
  An ice devil (Orc:2)
  A queen bee (Lair:1)
  4 trolls
  7 hippogriffs
  5 wraiths
  A wyvern (Lair:2)
  2 redbacks (Lab)
  18 yaks
  3 basilisks
  7 hungry ghosts
  5 wargs
  A soldier ant (D:11)
  Menkaure (D:5)
  6 water moccasins
  5 porcupines
  3 ice beasts
  32 orc warriors
  5 sky beasts
  A black bear (D:8)
  An eye of draining (D:12)
  11 ogres
  3 phantoms
  A necrophage (D:7)
  12 centaurs
  2 big kobolds
  7 crocodiles
  Blork the orc (D:6)
  19 bullfrogs
  2 wyvern zombies
  8 scorpions
  A troll zombie (D:9)
  38 killer bees
  An electric eel (Lair:2)
  2 howler monkeys
  4 crimson imps
  4 bullfrog zombies
  4 jellies
  A quasit (D:12)
  25 orc priests
  9 hounds
  Crazy Yiuf (D:7)
  A bullfrog skeleton (D:5)
  4 centaur skeletons
  Ijyb (D:5)
  11 orc wizards
  11 worker ants
  A killer bee zombie (D:9)
  5 ogre zombies (D:9)
  A hound zombie (D:9)
  A howler monkey zombie (D:10)
  2 worker ant zombies
  3 gnolls (D:8)
  14 adders
  2 shadow imps
  An ooze (D:5)
  2 worms (D:3)
  3 dart slugs
  4 leopard geckos
  75 orcs
  11 bats
  5 giant cockroaches
  7 goblins
  6 hobgoblins
  4 iguanas
  10 jackals
  22 kobolds
  7 quokkas
  2 ball pythons
  6 frilled lizards
  2 goblin skeletons (D:9)
  A goblin zombie (D:9)
  A hobgoblin skeleton (D:9)
  2 hobgoblin zombies (D:9)
  4 orc skeletons (D:9)
  9 orc zombies (D:9)
  A quokka skeleton (D:4)
  8 rats
554 creatures vanquished.

Vanquished Creatures (others)
  A water moccasin (Lair:3)
  A centaur (D:12)
  4 orcs
  A bush (D:7)
  5 fungi
  11 plants
23 creatures vanquished.

Grand Total: 577 creatures vanquished

Notes
Turn   | Place    | Note
-------+----------+-------------------------------------------
     0 | D:1      | Deemzul the Octopode Monk began the quest for the Orb.
     0 | D:1      | Reached XP level 1. HP: 16/16 MP: 1/1
    72 | D:1      | Reached skill level 3 in Stealth
    72 | D:1      | Reached XP level 2. HP: 20/21 MP: 2/2
   300 | D:1      | Reached XP level 3. HP: 22/26 MP: 3/3
  1067 | D:2      | Reached skill level 4 in Stealth
  1234 | D:2      | Found a faded altar of an unknown god.
  1367 | D:3      | Reached XP level 4. HP: 29/31 MP: 4/4
  1852 | D:3      | Reached XP level 5. HP: 36/36 MP: 5/5
  2263 | D:3      | Reached skill level 5 in Stealth
  2819 | D:4      | Reached XP level 6. HP: 34/42 MP: 6/6
  3167 | D:4      | Reached skill level 6 in Stealth
  3551 | D:4      | Reached skill level 5 in Unarmed Combat
  3563 | D:4      | Reached XP level 7. HP: 37/48 MP: 7/7
  3830 | D:5      | Entered Level 5 of the Dungeon
  3988 | D:5      | Noticed Ijyb
  3994 | D:5      | Found Viyx's Jewellery Shoppe.
  4003 | D:5      | Killed Ijyb
  4030 | D:5      | Noticed Menkaure
  4038 | D:5      | Killed Menkaure
  4038 | D:5      | Reached skill level 7 in Stealth
  4431 | D:5      | Reached XP level 8. HP: 44/54 MP: 8/8
  4544 | D:5      | Found a shimmering altar of Xom.
  4565 | D:5      | Reached skill level 8 in Stealth
  4913 | D:6      | Noticed Blork the orc
  4934 | D:6      | Gained mutation: Your flesh is cold resistant. (rC+) [potion of mutation]
  4934 | D:6      | Gained mutation: You have a pair of small antennae on your head. [potion of mutation]
  5035 | D:6      | Reached skill level 9 in Stealth
  5248 | D:6      | Killed Blork the orc
  5248 | D:6      | Reached skill level 5 in Fighting
  5522 | D:6      | Reached skill level 5 in Dodging
  5903 | D:7      | Found a staircase to the Ecumenical Temple.
  6511 | Temple   | Entered the Ecumenical Temple
  6641 | Temple   | Became a worshipper of Dithmenos the Shadowed
  6641 | Temple   | Reached * piety under Dithmenos
  6641 | Temple   | Reached ** piety under Dithmenos
  6736 | D:7      | Reached XP level 9. HP: 61/61 MP: 9/9
  6786 | D:7      | Gained mutation: Your spells are a little harder to cast, but a little more powerful. [mutagenic meat]
  6787 | D:7      | Gained mutation: You are agile. (Dex +2) [mutagenic meat]
  6788 | D:7      | Gained mutation: You are dopey. (Int -2) [mutagenic meat]
  6789 | D:7      | Lost mutation: You have a pair of small antennae on your head. [mutagenic meat]
  6830 | D:7      | Found a snail-covered altar of Cheibriados.
  6908 | D:7      | Reached skill level 10 in Stealth
  6965 | D:7      | Gained mutation: Your flesh is very cold resistant. (rC++) [mutagenic meat]
  7258 | D:7      | Found a runed door.
  7262 | D:7      | Noticed Crazy Yiuf
  7266 | D:7      | Killed Crazy Yiuf
  7576 | D:8      | Reached *** piety under Dithmenos
  7729 | D:8      | Reached skill level 11 in Stealth
  8805 | D:9      | Reached XP level 10. HP: 68/68 MP: 10/10
  9248 | D:9      | Found a staircase to the Orcish Mines.
  9359 | D:9      | Reached **** piety under Dithmenos
  9365 | D:9      | Reached skill level 12 in Stealth
  9615 | D:9      | Found a blossoming altar of Fedhas.
  9615 | D:9      | Noticed a two-headed ogre
  9737 | D:9      | Found Pirivet's Gadget Emporium.
  9802 | Orc:1    | Entered Level 1 of the Orcish Mines
  9802 | Orc:1    | Noticed Fannar
 11129 | D:10     | Entered Level 10 of the Dungeon
 11129 | D:10     | Noticed Josephine
 11139 | D:10     | Noticed an unseen horror
 11150 | D:10     | Killed an unseen horror
 11263 | D:10     | Reached skill level 13 in Stealth
 11273 | D:10     | Reached skill level 10 in Unarmed Combat
 11572 | D:10     | Noticed an unseen horror
 11592 | D:10     | Killed an unseen horror
 11592 | D:10     | Reached XP level 11. HP: 39/75 MP: 11/11
 12118 | D:10     | Killed Josephine
 12404 | D:10     | Found a staircase to the Lair.
 12959 | D:11     | Reached ***** piety under Dithmenos
 13077 | D:11     | Noticed an orc knight
 13400 | D:11     | Reached skill level 14 in Stealth
 13703 | D:5      | Bought the ring of Shadows {Umbra +Inv Stlth+} for 560 gold pieces
 13807 | D:9      | Killed a two-headed ogre
 13867 | D:9      | Killed Fannar
 14157 | Orc:1    | Noticed Erica
 14169 | Orc:1    | Killed Erica
 14169 | Orc:1    | Reached skill level 1 in Evocations
 14233 | Orc:1    | Noticed an orc high priest
 14582 | Orc:1    | Killed an orc high priest
 14582 | Orc:1    | Reached skill level 1 in Invocations
 14727 | Orc:1    | Noticed an orc high priest
 14729 | Orc:1    | Noticed a sun demon
 14754 | Orc:1    | You fall through a shaft!
 14754 | Orc:2    | Entered Level 2 of the Orcish Mines
 14754 | Orc:2    | Found a staircase to the Elven Halls.
 14810 | Orc:1    | Noticed Snorg
 14822 | Orc:1    | Noticed Erolcha
 15243 | Orc:2    | Reached XP level 12. HP: 82/82 MP: 12/14
 15407 | D:5      | Bought an uncursed ring of stealth for 245 gold pieces
 15407 | D:5      | Bought an uncursed ring of stealth for 245 gold pieces
 15925 | D:11     | Reached skill level 15 in Stealth
 16046 | D:11     | Noticed a death knight
 16231 | D:11     | Noticed a two-headed ogre
 16251 | D:11     | Killed a two-headed ogre
 16294 | D:11     | Noticed an eight-headed hydra
 16626 | Lair:1   | Entered Level 1 of the Lair of Beasts
 16933 | Lair:1   | Found a labyrinth entrance.
 16947 | Lair:1   | Noticed an eight-headed hydra
 16959 | Lab      | Entered a labyrinth
 17022 | Lab      | Found an exit through the horrors of the Abyss.
 17528 | Lab      | Noticed a minotaur
 17966 | Lab      | Killed a minotaur
 18199 | Lab      | Reached skill level 5 in Evocations
 18806 | Lair:1   | Reached ****** piety under Dithmenos
 18837 | Lair:1   | HP: 3/84 [killer bee (9)]
 19257 | Lair:2   | Noticed an eight-headed hydra
 19682 | Lair:2   | Found a dark tunnel.
 19691 | Volcano  | Entered a volcano
 19718 | Volcano  | Noticed a red draconian
 19718 | Volcano  | Noticed a two-headed ogre
 19737 | Volcano  | Killed a two-headed ogre
 19743 | Volcano  | Killed a red draconian
 19743 | Volcano  | Reached XP level 13. HP: 70/89 MP: 17/17
 19851 | Volcano  | Reached skill level 16 in Stealth
 20814 | Lair:3   | Learned a level 1 spell: Beastly Appendage
 21138 | Lair:3   | Reached skill level 5 in Invocations
 22820 | D:12     | Reached skill level 1 in Transmutations
 23023 | D:12     | Reached skill level 1 in Shields
 23218 | D:12     | Reached skill level 1 in Spellcasting
 24417 | D:13     | Noticed a rakshasa
 24641 | Orc:1    | Reached XP level 14. HP: 74/97 MP: 20/20
 25186 | Orc:2    | Found Weud's General Store.
 25188 | Orc:2    | Found Ownuod's Magic Scroll Shop.
 25793 | Orc:2    | Reached skill level 17 in Stealth
 25865 | Orc:2    | Paralysed by an orc sorcerer for 5 turns
 25867 | Orc:2    | HP: 4/97 [sixfirhy[an orc sorcerer] (12)]
 25867 | Orc:2    | Slain by a sixfirhy

Vault maps used:
D:1:      onia_arrival_mini_maze_b, dk_noncrumbling_3
D:2:      chequers_ecumenical_altar_lobes, kennysheep_generic_room_13
D:3:      first_bread
D:4:      old_forge
D:5:      serial_shops, shop, dk_xom_monty_hall, uniq_menkaure, uniq_ijyb
D:6:      nicolae_ossuary_entry_false_entrances, uniq_blork_the_orc
D:7:      cheibrodos_worm_habitat, minmay_temple_entry_overgrown,
          hangedman_decor_push, uniq_crazy_yiuf_cottage
D:8:      grunt_ogre_cave
D:9:      zombieorc1_lemuel, serial_shops, nicolae_shop_trees, basic_altar
D:10:     dpeg_oklobed_lair, moated_statue, uniq_josephine
D:13:     nicolae_whirlpool, david_vaults_5
Temple:   minmay_crystal_snake_temple
Lair:1:   lab_entry_generic
Lair:2:   serial_bayou, serial_bayou_pond_b, serial_bayou_shore_a,
          serial_bayou_ford_a, serial_bayou_lagoon_a,
          nicolae_volcano_entry_vermiform
Lair:3:   grunt_megastairs_1
Orc:1:    nicolae_orc_crystal_geode, uniq_erica, uniq_erolcha, uniq_snorg,
          uniq_fannar
Orc:2:    pf_orc_diabolical
Lab:      labyrinth_spiral, nicolae_lab_garden, labyrinth_skeletal_remains,
          labyrinth_fake_exit, nicolae_lab_statue, nicolae_lab_dead_end
Volcano:  volcano_pools

Skill      XL: |  1  2  3  4  5  6  7  8  9 10 11 12 13 14 |
---------------+-------------------------------------------+-----
Stealth        | 3 4 5 6 7 9 11 13 14 15 16 17 | 17.0
Unarmed Combat | 4 5 6 7 8 10 11 12 | 12.8
Fighting       | 4 5 6 7 8 9 |  9.4
Dodging        | 4 5 6 7 8 9 |  9.6
Evocations     | 2 6 8 |  8.1
Invocations    | 2 4 5 |  5.9
Transmutations | 2 |  2.9
Shields        | 2 |  2.6
Spellcasting   | 1 |  1.8

Action                   |  1- 3 |  4- 6 |  7- 9 | 10-12 | 13-15 || total
-------------------------+-------+-------+-------+-------+-------++-------
Melee: Unarmed           |    74 |   132 |   307 |   804 |   500 ||  1817
       Constrict         |    20 |    36 |    55 |   125 |    61 ||   297
       Tentacles         |    12 |    27 |    73 |   205 |   144 ||   461
       Punch             |     1 |     3 |    22 |    88 |    68 ||   182
       Kick              |       |       |       |       |     6 ||     6
 Cast: Beastly Appendage |       |       |       |       |     3 ||     3
Invok: Shadow Step       |       |       |       |     1 |     3 ||     4
 Abil: Evoke Invisibilit |       |       |       |    18 |    20 ||    38
Evoke: Wand              |       |       |       |    12 |     7 ||    19
       Phantom mirror    |       |       |       |     1 |       ||     1
  Use: Scroll            |       |     3 |     6 |     8 |     5 ||    22
       Potion            |       |     1 |     6 |     4 |     4 ||    15
 Stab: Sleeping          |    26 |    11 |    23 |    45 |    34 ||   139
       Distracted        |       |     1 |     4 |     6 |     3 ||    14
       Invisible         |       |       |       |    55 |    64 ||   119
       Confused          |       |       |       |       |     2 ||     2
  Eat: Chunk             |     1 |     7 |    18 |    45 |    33 ||   104
       Fruit             |       |       |     2 |     3 |       ||     5
       Meat ration       |       |       |     1 |       |       ||     1
Armor: Skin              |     9 |     3 |    52 |     5 |     3 ||    72
Dodge: Dodged            |    42 |    83 |   222 |   705 |   523 ||  1575
